 Dungeon Crawl Stone Soup version 0.31-a0-83-gbff143cfd1 (webtiles) character file.

Game seed: 5498284476553152741

1341 browni3141 the Cutter (level 8, 0/58 HPs)
             Began as a Mummy Fighter on May 24, 2023.
             Slain by a wight
             ... wielding a +3 trident of freezing
              (8 damage)
             ... on level 6 of the Dungeon.
             The game lasted 00:11:58 (7305 turns).

browni3141 the Cutter (Mummy Fighter)               Turns: 7305, Time: 00:11:59

Health: 0/58       AC: 17    Str: 19    XL:     8   Next: 35%
Magic:  14/14      EV:  2    Int: 10    God:
Gold:   276        SH:  4    Dex: 11    Spells: 5/15 levels left

rFire   x . .        r - +5 falchion
rCold   + . .        c - +0 buckler
rNeg    + + +        n - +0 crystal plate armour
rPois   ∞            (no helmet)
rElec   .            (no cloak)
rCorr   .            (no gloves)
SInv    .            (no boots)
Will    +....        (no amulet) Stlth
                     (no ring)
HPRegen 0.29/turn    (no ring)
MPRegen 0.14/turn

%: faith
@: about to teleport
A: cold resistance 1, negative energy resistance 3, torment resistance 2, heat
vulnerability 1, in touch with death 1, no potions, faith
a: no special abilities


You were on level 6 of the Dungeon.
You visited 2 branches of the dungeon, and saw 7 of its levels.

You collected 276 gold pieces.

Inventory:

Hand Weapons
 a - a +2 short sword of protection
 b - a +3 heavy sling
 j - a +0 rapier
 r - a +5 falchion (weapon)
Missiles
 p - a throwing net
Armour
 c - a +0 buckler (worn)
 h - a +0 scale mail
 n - a +0 crystal plate armour (worn)
Wands
 o - a wand of polymorph (10)
Scrolls
 d - a scroll of enchant weapon
 e - a scroll of amnesia {unknown}
 f - a scroll of enchant armour
 g - a scroll of teleportation
 i - a scroll of silence
 k - 2 scrolls of poison {unknown}
 l - 2 scrolls of magic mapping {unknown}
 m - a scroll of brand weapon {unknown}
 q - 2 scrolls of identify
 s - a scroll of butterflies {unknown}


   Skills:
 - Level 3.0 Fighting
 + Level 6.2 Short Blades
 * Level 5.1 Armour
 - Level 2.4 Shields
 + Level 4.2 Spellcasting
 * Level 2.7 Necromancy


You had 5 spell levels left.
You knew the following spells:

 Your Spells              Type           Power      Damage    Failure   Level
a - Cigotuvi's Dreadful   Necr/Pois/Air  6%         N/A       100%        2
b - Anguish               Hex/Necr       2%         N/A       100%        4
c - Dispel Undead         Necr           11%        3d9       100%        4

Your spell library contained the following spells:

 Spells                   Type           Power      Damage    Failure   Level
 Ensorcelled Hibernation  Hex/Ice        2%         N/A       100%        2
 Passwall                 Tmut/Erth      0%         N/A       100%        2
 Swiftness                Air            2%         N/A       100%        3
 Cause Fear               Hex            1%         N/A       100%        4
 Olgreb's Toxic Radiance  Pois           2%         N/A       100%        4
 Death Channel            Necr           5%         N/A       100%        6
 Enfeeble                 Hex            1%         N/A       100%        7
 Discord                  Hex            1%         N/A       100%        8
 Ignition                 Fire           1%         3d3       100%        8


Dungeon Overview and Level Annotations

Branches:
Dungeon (6/15)             Temple (1/1) D:6

Altars:
Ashenzari
Cheibriados
Dithmenos
Gozag
Hepliaklqana
Kikubaaqudgha
Makhleb
Nemelex Xobeh
Okawaru
Qazlal
Ru
Sif Muna
Trog
Uskayaw
Vehumet
Wu Jian
Xom
Yredelemnul

Shops:
D:4 =   D:5 *


Innate Abilities, Weirdness & Mutations

You are immune to poison.
Your flesh is cold resistant. (rC+)
You are immune to negative energy. (rN+++)
You are immune to unholy pain and torment.
You are vulnerable to heat. (rF-)
You are in touch with the powers of death.
You do not drink.
You have a special connection with the divine. (Faith)


Message History

The wight hits you but does no damage. x2
The wight attacks as you move away! The wight hits you with a +2 scimitar.
The wight hits you from afar with a +3 trident of freezing.
The wight freezes you.
You hit the wight.
The wight is heavily damaged.
The wight hits you from afar with a +3 trident of freezing!
The wight freezes you.
The wight hits you but does no damage. x2
You slash the wight!
The wight is almost destroyed.
The wight hits you with a +2 scimitar. The wight hits you but does no damage.
You hit the wight but do no damage.
The wight is almost destroyed.
The wight hits you with a +2 scimitar. The wight hits you but does no damage.
You barely miss the wight.
The wight is almost destroyed.
You block the wight's attack.
The wight hits you from afar with a +3 trident of freezing!
* * * LOW HITPOINT WARNING * * *
The wight freezes you.
* * * LOW HITPOINT WARNING * * *
You hit the wight but do no damage.
The wight is almost destroyed.
The wight hits you but does no damage. x2
You hit the wight.
You destroy the wight!
The wight hits you from afar with a +3 trident of freezing.
* * * LOW HITPOINT WARNING * * *
The wight freezes you.
* * * LOW HITPOINT WARNING * * *
Unknown command.
You close the door, pushing everything out of the way.
A wight opens the door.
You close the door.
A wight opens the door.
You close the door.
A wight opens the door.
There's a creature in the doorway!
As you read the scroll of teleportation, it crumbles to dust.
You feel strangely unstable.
The wight hits you from afar with a +3 trident of freezing!
You die...

############### ..#...........#
..'...........# ..#...........#
.##....##.....# ..#####
.########.....#######.....#
..#....#......zz)...#....)#
..#....#.......#@...#.....#
..#....'.......#....#.....#
####'####'###'#######.....##+####
.........................!.......
.................................
...........$.....................
.................................
.................................
.................................


You could see 2 wights.

Vanquished Creatures
  2 water moccasins (D:5)
  An orc warrior (D:5)
  An ogre (D:4)
  2 phantoms
  6 wights
  2 jellies
  A hound (D:6)
  5 iguanas
  2 orc wizards (D:5)
  8 gnolls (D:5)
  5 adders
  2 worms (D:2)
  6 dart slugs
  9 orcs
  7 ball pythons
  4 bats
  4 endoplasms
  3 giant cockroaches
  2 goblins
  6 hobgoblins
  12 jackals
  7 kobolds
  8 quokkas
  4 frilled lizards
  8 rats
117 creatures vanquished.

Notes
Turn   | Place    | Note
-------+----------+-------------------------------------------
     0 | D:1      | browni3141 the Mummy Fighter began the quest for the Orb.
     0 | D:1      | Reached XP level 1. HP: 18/18 MP: 1/1
   212 | D:1      | Reached skill level 2 in Short Blades
   248 | D:1      | Reached XP level 2. HP: 24/24 MP: 2/2
   737 | D:1      | Gained mutation: You are in touch with the powers of death.
                  | [Mummy growth]
   737 | D:1      | Reached XP level 3. HP: 29/29 MP: 3/3
   859 | D:1      | Reached skill level 3 in Short Blades
  1342 | D:2      | Reached XP level 4. HP: 16/35 MP: 4/4
  1581 | D:2      | Reached skill level 4 in Short Blades
  1612 | D:2      | Found a sparkling altar of Nemelex Xobeh.
  1797 | D:2      | Found a faded altar of an unknown god.
  2387 | D:3      | Found a burning altar of Makhleb.
  2501 | D:3      | Reached XP level 5. HP: 41/41 MP: 5/5
  2852 | D:3      | Found an iron altar of Okawaru.
  3125 | D:3      | Found a burning altar of Makhleb.
  3374 | D:3      | Found an iron altar of Okawaru.
  3610 | D:4      | Noticed an ogre
  3623 | D:4      | Killed an ogre
  3624 | D:4      | Reached skill level 5 in Short Blades
  3624 | D:4      | Reached XP level 6. HP: 32/47 MP: 6/6
  3733 | D:4      | Found Weablisu's Jewellery Boutique.
  4145 | D:5      | Entered Level 5 of the Dungeon
  4162 | D:5      | Found a stormy altar of Qazlal.
  4164 | D:5      | Noticed a fire elemental
  4165 | D:5      | Noticed an air elemental
  4165 | D:5      | Noticed a water elemental
  4354 | D:5      | Reached skill level 1 in Spellcasting
  4648 | D:5      | Reached XP level 7. HP: 42/52 MP: 10/10
  4800 | D:5      | Found an ancient bone altar of Kikubaaqudgha.
  4922 | D:5      | Found Feetinyc's Serpentskin Sales.
  5833 | D:5      | Reached skill level 6 in Short Blades
  5998 | D:6      | Learned a level 2 spell: Cigotuvi's Dreadful Rot
  6003 | D:6      | Learned a level 4 spell: Anguish
  6008 | D:6      | Learned a level 4 spell: Dispel Undead
  6110 | D:6      | Found a staircase to the Ecumenical Temple.
  6134 | D:6      | Reached skill level 1 in Necromancy
  6143 | D:6      | Reached XP level 8. HP: 21/58 MP: 13/13
  6306 | Temple   | Entered the Ecumenical Temple
  6739 | D:6      | Identified the +4 ring mail of the Saviour {rF- Str+2
                  | Int+2}
  7256 | D:6      | Reached skill level 5 in Armour
  7305 | D:6      | Slain by a wight

Illustrated notes

Levels and vault maps discovered:
D:1:      minmay_arrival_four_circles, layout_loops_corners, minmay_cut_off
D:2:      layout_loops_corners, basic_altar, hellmonk_ecumenical_altar_run_dry,
          minmay_nonomino_d4
D:3:      layout_rooms, mainiacjoe_overflow_brackets, lemuel_tele_altar
D:4:      layout_basic, serial_shops, shop
D:5:      nicolae_cairo_tiling_large_dashed, layout_basic,
          nicolae_qazlal_style_of_elements, nicolae_overflow_hidden_temple,
          guppyfry_shop_venom
D:6:      layout_gridville, minmay_temple_entry_overgrown,
          amcnicky_mini_pool_small, st_stairs_11
Temple:   bh_familiar_temple

Skill      XL: |  1  2  3  4  5  6  7  8 |
---------------+-------------------------+-----
Short Blades   | 2 3 4 5 6 |  6.2
Spellcasting   | 2 3 4 |  4.2
Armour         | 3 4 5 |  5.1
Necromancy     | 1 2 |  2.7
Fighting       | |  3.0
Shields        | |  2.4

Action                     |  1- 3 |  4- 6 |  7- 9 || total
---------------------------+-------+-------+-------++-------
  Melee: Rapier            |   172 |    20 |       ||   192
         Short sword       |       |   170 |   332 ||   502
         Falchion          |       |       |     9 ||     9
   Fire: Sling             |     8 |    61 |    18 ||    87
    Use: Scroll            |       |     4 |     2 ||     6
 Armour: Scale mail        |    76 |    38 |       ||   114
         Crystal plate arm |       |    89 |   266 ||   355
  Dodge: Dodged            |    99 |    28 |    34 ||   161
  Block: Buckler           |    29 |    38 |    57 ||   124

Table legend: (Time is in decaauts)
 A = Elapsed time spent in this place.
 B = Non-inter-level travel time spent in this place.
 C = Inter-level travel time spent in this place.
 D = Time resting spent in this place.
 E = Time spent auto-exploring this place.
 F = Levels seen in this place.
 G = Mean time per level.
                   A        B        C        D        E       F      G
               +--------+--------+--------+--------+--------+-----+--------+
         Total |   7319 |   7060 |    259 |    537 |   4932 |   7 | 1045.6 |
       Dungeon |   6929 |   6689 |    240 |    437 |   4702 |   6 | 1154.8 |
        Temple |    389 |    370 |     19 |    100 |    230 |   1 |  389.0 |
               +--------+--------+--------+--------+--------+-----+--------+

Top non-repeatable levels by time:
     D:5: 1564 daAuts
     D:3: 1236 daAuts
     D:2: 1187 daAuts
     D:1: 1087 daAuts
     D:6: 1029 daAuts
     D:4: 825 daAuts
  Temple: 389 daAuts
